 Dungeon Crawl Stone Soup version 0.22-a0-40-g3d2f077 (webtiles) character file.

1353 tof the Ducker (level 8, -6/67 HPs)
             Began as a Gnoll Monk on Jan 4, 2018.
             Was a Priest of Elyvilon.
             Mangled by a wraith (8 damage)
             ... on level 5 of the Dungeon.
             The game lasted 00:11:37 (6876 turns).

tof the Ducker (Gnoll Monk)                         Turns: 6876, Time: 00:11:38

Health: -6/67      AC:  6    Str: 13    XL:     8   Next: 63%
Magic:  13/13      EV: 14    Int: 13    God:    Elyvilon [***...]
Gold:   275        SH:  0    Dex: 20    Spells: 13/13 levels left

rFire    . . .     SeeInvis .   a - +0 falchion
rCold    . . .     Gourm    .   (no shield)
rNeg     . . .     Faith    .   s - +0 scale mail
rPois    .         Spirit   .   (no helmet)
rElec    .         Reflect  .   (no cloak)
rCorr    .         Harm     .   (no gloves)
MR       .....                  (no boots)
Stlth    ++........             (no amulet)
HPRegen  0.21/turn              (no ring)
MPRegen  0.13/turn              (no ring)

@: slowed, very slow
A: distributed training, fangs 1, strong nose
a: Lesser Healing, Heal Other, Purification, Divine Protection, Renounce
Religion


You were on level 5 of the Dungeon.
You worshipped Elyvilon.
Elyvilon was most pleased with you.
You were not hungry.

You visited 1 branch of the dungeon, and saw 5 of its levels.
You also visited: Sewer.

You collected 275 gold pieces.

Inventory:

Hand Weapons
 a - a +0 falchion (weapon)
 v - a cursed -3 hunting sling
Missiles
 f - 7 tomahawks (quivered)
Armour
 s - a +0 scale mail (worn)
Wands
 t - a wand of iceblast (5)
Scrolls
 b - a scroll of blinking {unknown}
 d - 3 scrolls of amnesia {unknown}
 e - 6 scrolls of identify {unknown}
 h - a scroll of enchant weapon {unknown}
 l - 3 scrolls of immolation {unknown}
 m - 4 scrolls of teleportation {unknown}
 p - a scroll of magic mapping {unknown}
 q - a scroll of fog {unknown}
 r - 2 scrolls of remove curse {unknown}
Potions
 g - 3 potions of flight {unknown}
 i - 7 potions of curing
 j - a potion of mutation {unknown}
 k - a potion of brilliance {unknown}
 n - 2 potions of heal wounds {unknown}
 o - a potion of magic {unknown}
 u - a potion of ambrosia {unknown}
 w - a potion of invisibility {unknown}
 x - a potion of haste {unknown}
 z - a potion of lignification {unknown}
 A - a potion of resistance {unknown}
 C - a potion of agility {unknown}
Comestibles
 c - 9 rations
 B - 2 chunks of flesh


   Skills:
 + Level 7.4 Fighting
 + Level 3.3 Short Blades
 + Level 7.4 Long Blades
 + Level 3.3 Axes
 + Level 3.3 Maces & Flails
 + Level 3.3 Polearms
 + Level 3.3 Staves
 + Level 3.3 Slings
 + Level 3.3 Bows
 + Level 3.3 Crossbows
 + Level 3.3 Throwing
 + Level 3.3 Armour
 + Level 7.4 Dodging
 + Level 5.4 Stealth
 + Level 3.3 Shields
 + Level 3.3 Unarmed Combat
 + Level 3.3 Spellcasting
 + Level 2.7 Conjurations
 + Level 2.7 Hexes
 + Level 2.7 Charms
 + Level 2.7 Summonings
 + Level 2.7 Necromancy
 + Level 2.7 Translocations
 + Level 2.7 Transmutations
 + Level 2.7 Fire Magic
 + Level 2.7 Ice Magic
 + Level 2.7 Air Magic
 + Level 2.7 Earth Magic
 + Level 2.7 Poison Magic
 + Level 3.7 Invocations
 + Level 3.3 Evocations


You had 13 spell levels left.
You didn't know any spells.

Dungeon Overview and Level Annotations

Branches:
Dungeon (5/15)             Temple (0/1) D:5

Altars:
Ashenzari
Elyvilon
Vehumet
Wu Jian

Shops:
D:4 =


Innate Abilities, Weirdness & Mutations

Your experience applies equally to all skills.
You have very sharp teeth.
Your uncanny sense of smell can sniff out nearby items.


Message History

You feel as though you will be slow longer.
You hit the wraith but do no damage. You bite the wraith, but do no damage.
The wraith is heavily damaged.
The wraith hits you but does no damage.
You barely miss the wraith.
The wraith is heavily damaged.
The wraith hits you! Elyvilon protects you from harm! The wraith misses you.
You riposte.
You hit the wraith but do no damage.
The wraith is heavily damaged.
You hit the wraith but do no damage.
The wraith is heavily damaged.
The wraith barely misses you.
Your scale mail prevents you from hitting the wraith.
The wraith is heavily damaged.
The wraith barely misses you.
You hit the wraith but do no damage.
The wraith is heavily damaged.
The wraith hits you!
You die...

.# #.# #......#..#......
.#### #.#
#......#..#...... ....#
#.# #..#####..#####..
..#.########.# #......#.)#
............># #......#..#
#...##.......# #####..#..#
#...##.......# #$.!#..#..#
∆ #...##.......#
#$}(#..#..# #.############
#@W('..#..# ∆
..##........# ########..#
..##........# ##..#
...#..##.#..##########..##
...'..#§§§..'.##.......##
...'...§.#..'.##....####
...#..#.##..#.##....#
...#........#..#....#
...#.....)..#..#....#


You could see a wraith.

Vanquished Creatures
  Eustachio (D:4)
  2 sky beasts (D:5)
  An ice beast (D:5)
  A phantom (D:4)
  3 ogres
  A necrophage (D:5)
  Blork the orc (D:4)
  A bullfrog (D:5)
  A howler monkey (D:4)
  2 bullfrog zombies (D:5)
  A hound (D:5)
  A bullfrog skeleton (D:4)
  A worker ant (D:4)
  The ghost of tidbits the Grave Robber, a weakling GnNe (D:3)
  12 adders
  A river rat (Sewer)
  A shadow imp (D:5)
  An adder skeleton (D:4)
  2 worms
  4 dart slugs
  4 leopard geckos
  3 ball pythons
  4 bats
  9 giant cockroaches
  5 goblins
  4 hobgoblins
  9 jackals
  13 kobolds
  2 quokkas
  11 frilled lizards
  A quokka zombie (D:5)
  5 rats
109 creatures vanquished.

Notes
Turn   | Place    | Note
-------+----------+-------------------------------------------
     0 | D:1      | tof the Gnoll Monk began the quest for the Orb.
     0 | D:1      | Reached XP level 1. HP: 23/23 MP: 1/1
   211 | D:1      | Reached XP level 2. HP: 28/29 MP: 2/2
  1028 | D:2      | Reached XP level 3. HP: 31/35 MP: 3/3
  1157 | D:2      | Reached skill level 1 in Invocations
  1218 | D:2      | Found a shattered altar of Ashenzari.
  1470 | D:2      | Found a white marble altar of Elyvilon.
  1478 | D:2      | Became a worshipper of Elyvilon the Healer
  1478 | D:2      | Reached * piety under Elyvilon
  1478 | D:2      | Reached ** piety under Elyvilon
  1792 | D:2      | Reached skill level 1 in Short Blades
  1792 | D:2      | Reached skill level 1 in Axes
  1792 | D:2      | Reached skill level 1 in Maces & Flails
  1792 | D:2      | Reached skill level 1 in Polearms
  1792 | D:2      | Reached skill level 1 in Staves
  1792 | D:2      | Reached skill level 1 in Slings
  1792 | D:2      | Reached skill level 1 in Bows
  1792 | D:2      | Reached skill level 1 in Crossbows
  1792 | D:2      | Reached skill level 1 in Throwing
  1792 | D:2      | Reached skill level 1 in Armour
  1792 | D:2      | Reached skill level 1 in Shields
  1792 | D:2      | Reached skill level 1 in Unarmed Combat
  1792 | D:2      | Reached skill level 1 in Spellcasting
  1792 | D:2      | Reached skill level 1 in Evocations
  1885 | D:3      | Reached XP level 4. HP: 39/41 MP: 5/5
  1898 | D:3      | Noticed tidbits's ghost (weakling GnNe)
  1914 | D:3      | Killed tidbits's ghost
  1916 | D:3      | Noticed an ogre
  1963 | D:3      | Found a glowing drain.
  2028 | Sewer    | Entered a sewer
  2069 | Sewer    | Reached skill level 1 in Conjurations
  2069 | Sewer    | Reached skill level 1 in Hexes
  2069 | Sewer    | Reached skill level 1 in Charms
  2069 | Sewer    | Reached skill level 1 in Summonings
  2069 | Sewer    | Reached skill level 1 in Necromancy
  2069 | Sewer    | Reached skill level 1 in Translocations
  2069 | Sewer    | Reached skill level 1 in Transmutations
  2069 | Sewer    | Reached skill level 1 in Fire Magic
  2069 | Sewer    | Reached skill level 1 in Ice Magic
  2069 | Sewer    | Reached skill level 1 in Air Magic
  2069 | Sewer    | Reached skill level 1 in Earth Magic
  2069 | Sewer    | Reached skill level 1 in Poison Magic
  2319 | Sewer    | Reached XP level 5. HP: 16/47 MP: 6/6
  3499 | D:3      | Killed an ogre
  3499 | D:3      | Reached XP level 6. HP: 28/53 MP: 8/8
  4426 | D:4      | Noticed Eustachio
  4471 | D:4      | Killed Eustachio
  4471 | D:4      | Reached XP level 7. HP: 42/59 MP: 8/10
  4590 | D:4      | Reached *** piety under Elyvilon
  4921 | D:4      | Noticed Blork the orc
  4937 | D:4      | Killed Blork the orc
  5314 | D:4      | Found an ornate altar of the Wu Jian Council.
  5358 | D:4      | Found Numesch's Jewellery Emporium.
  5437 | D:4      | Reached skill level 5 in Stealth
  5751 | D:5      | Entered Level 5 of the Dungeon
  5755 | D:5      | Found a radiant altar of Vehumet.
  5767 | D:5      | Reached XP level 8. HP: 42/67 MP: 12/12
  5988 | D:5      | Found a staircase to the Ecumenical Temple.
  6181 | D:5      | Was placed under penance by Elyvilon
  6569 | D:5      | Was forgiven by Elyvilon
  6847 | D:5      | Noticed a wraith
  6869 | D:5      | HP: 1/67 [wraith (5)]
  6870 | D:5      | Elyvilon protects you from harm!
  6871 | D:5      | Elyvilon protects you from harm!
  6873 | D:5      | Elyvilon protects you from harm!
  6876 | D:5      | Mangled by a wraith

Vault maps used:
D:1:      dpeg_arrival_boxorama, nrook_mini_backslash
D:2:      elyvilon_altar_4, evilmike_ruin_ashenzari, first_ration,
          hangedman_decor_growths
D:3:      portal_sewer_entry_f
D:4:      nicolae_overflow_crystal_walls, serial_shops, nicolae_shop_trees,
          corexii_shack, uniq_blork_the_orc, uniq_eustachio
D:5:      kennysheep_windowed_halls, temple_doors_e, basic_altar,
          kennysheep_generic_room_4
Sewer:    sewer_co_cracked_pipes

Skill      XL: |  1  2  3  4  5  6  7  8 |
---------------+-------------------------+-----
Invocations    | 1 2 3 |  3.7
Short Blades   | 1 2 3 |  3.3
Axes           | 1 2 3 |  3.3
Maces & Flails | 1 2 3 |  3.3
Polearms       | 1 2 3 |  3.3
Staves         | 1 2 3 |  3.3
Slings         | 1 2 3 |  3.3
Bows           | 1 2 3 |  3.3
Crossbows      | 1 2 3 |  3.3
Throwing       | 1 2 3 |  3.3
Armour         | 1 2 3 |  3.3
Shields        | 1 2 3 |  3.3
Unarmed Combat | 1 2 3 |  3.3
Spellcasting   | 1 2 3 |  3.3
Evocations     | 1 2 3 |  3.3
Conjurations   | 1 2 |  2.7
Hexes          | 1 2 |  2.7
Charms         | 1 2 |  2.7
Summonings     | 1 2 |  2.7
Necromancy     | 1 2 |  2.7
Translocations | 1 2 |  2.7
Transmutations | 1 2 |  2.7
Fire Magic     | 1 2 |  2.7
Ice Magic      | 1 2 |  2.7
Air Magic      | 1 2 |  2.7
Earth Magic    | 1 2 |  2.7
Poison Magic   | 1 2 |  2.7
Fighting       | 7 |  7.4
Long Blades    | 7 |  7.4
Dodging        | 7 |  7.4
Stealth        | 5 |  5.4

Action                   |  1- 3 |  4- 6 |  7- 9 || total
-------------------------+-------+-------+-------++-------
Melee: Falchion          |    90 |   229 |   251 ||   570
       Bite              |    17 |    37 |    47 ||   101
       Punch             |       |     1 |     3 ||     4
Throw: Tomahawk          |       |     8 |     5 ||    13
Invok: Heal Other        |       |     1 |     2 ||     3
 Stab: Sleeping          |     4 |     4 |     2 ||    10
  Eat: Chunk             |     3 |     8 |    10 ||    21
Armor: Robe              |     4 |     2 |       ||     6
       Leather armour    |       |    11 |       ||    11
       Scale mail        |       |    27 |    76 ||   103
Dodge: Dodged            |    70 |   167 |   144 ||   381
       Rpst.: Falchion   |    25 |    48 |    55 ||   128

Table legend:
 A = Spawn XP
 B = Non-spawn XP
 C = Spawn XP percentage of total XP
 D = Spawn monster count
 E = Non-spawn monster count
 F = Spawn count percentage of total count
 G = Total turns spent on level
                    A         B        C        D         E        F      G
               +---------+---------+-------+---------+---------+-------+---------
         Total |       0 |    1867 |   0.0 |       0 |     108 |   0.0 |  6876
               +---------+---------+-------+---------+---------+-------+---------
           D:1 |       0 |      25 |   0.0 |       0 |      14 |   0.0 |   927
           D:2 |       0 |      52 |   0.0 |       0 |      18 |   0.0 |   930
           D:3 |       0 |     235 |   0.0 |       0 |      27 |   0.0 |  1432
           D:4 |       0 |     691 |   0.0 |       0 |      14 |   0.0 |  1429
           D:5 |       0 |     786 |   0.0 |       0 |      20 |   0.0 |  1125
         Sewer |       0 |      78 |   0.0 |       0 |      15 |   0.0 |  1033
               +---------+---------+-------+---------+---------+-------+---------
